[ AOE2 MATCH · #478083142 ]
Team RMSpanish vs Burmese
[ REPLAY ANALYSIS · EXTRACTED FROM THE RECORDED GAME ]
Feudal
11:54
Castle
19:49
Imperial
30:13
| APM avg | 54.6 |
| APM peak | 95 |
| eAPM avg | 40.3 |
| Villagers / military | 99 / 26 |
Focus
⚔️ 29.8% · 🌾 70.2%
Monk ×13 · Fishing Ship ×5 · Mangonel ×4 · Battering Ram ×4 · Bombard Cannon ×4 · Trebuchet (Packed) ×1
Feudal
10:13
Castle
15:06
Imperial
29:34
| APM avg | 47.3 |
| APM peak | 75 |
| eAPM avg | 27.4 |
| Villagers / military | 137 / 43 |
Focus
⚔️ 20.0% · 🌾 80.0%
Spearman ×23 · Cavalry Archer ×10 · Trebuchet (Packed) ×6 · Monk ×3 · Knight ×1
Feudal
13:38
Castle
19:35
Imperial
—
| APM avg | 36.2 |
| APM peak | 75 |
| eAPM avg | 23.8 |
| Villagers / military | 135 / 51 |
Focus
⚔️ 34.3% · 🌾 65.7%
Petard ×20 · Arambai ×15 · Fishing Ship ×9 · Scorpion ×7 · Battering Ram ×5 · Mangonel ×4
Feudal
12:49
Castle
16:26
Imperial
28:50
| APM avg | 50.2 |
| APM peak | 86 |
| eAPM avg | 35.0 |
| Villagers / military | 159 / 84 |
Focus
⚔️ 34.5% · 🌾 65.5%
Throwing Axeman ×70 · Fishing Ship ×29 · Trade Cart ×26 · Bombard Cannon ×8 · Trebuchet (Packed) ×5 · Monk ×1
Match map
Initial resources + every placement click. Lines = walls · curves = elevation contours. ◆ gold · ⬟ stone · ● berries · ✦ relic · ◌ wall gap
Your base· ✓ Closed at 19:49 · 29t walls · 2 gate(s)
No soy 2k porque no quiero's base· ✓ Closed at 15:06 · 5t walls · no gate
[KOF] Raychu's base· ✓ Closed at 19:35 · 17t walls · no gate
STORM | Noszombie's base· ✓ Closed at 16:26 · 22t walls · no gate
Smoothed initial terrain · ◌ = detected wall gap · hover for details
Inputs per minute
— jcdanzig - - No soy 2k porque no quiero
Build order — jcdanzig
First 150 of 253 actions detected
| 0:02 | Create | Villager (Male) |
| 0:02 | Create | Villager (Male) |
| 0:02 | Create | Villager (Male) |
| 0:04 | Build | House |
| 0:05 | Build | House |
| 0:12 | Create | Villager (Male) |
| 0:36 | Research | Loom |
| 0:36 | Create | Villager (Male) |
| 0:36 | Create | Villager (Male) |
| 1:52 | Create | Villager (Male) |
| 2:06 | Build | Palisade Wall |
| 2:07 | Build | Palisade Wall |
| 2:10 | Build | Palisade Wall |
| 2:12 | Build | Palisade Wall |
| 2:14 | Build | Palisade Wall |
| 2:35 | Build | Palisade Wall |
| 2:36 | Build | Palisade Wall |
| 2:36 | Build | Palisade Wall |
| 2:37 | Build | Palisade Wall |
| 2:38 | Build | Palisade Wall |
| 2:39 | Build | Palisade Wall |
| 2:40 | Build | Palisade Wall |
| 2:45 | Create | Villager (Male) |
| 2:45 | Create | Villager (Male) |
| 3:10 | Build | Palisade Wall |
| 3:13 | Create | Villager (Male) |
| 3:32 | Create | Villager (Male) |
| 3:37 | Build | Lumber Camp |
| 4:01 | Create | Villager (Male) |
| 4:26 | Create | Villager (Male) |
| 4:45 | Build | House |
| 5:00 | Create | Villager (Male) |
| 5:04 | Build | House |
| 5:18 | Create | Villager (Male) |
| 5:39 | Create | Villager (Male) |
| 6:00 | Create | Villager (Male) |
| 6:22 | Create | Villager (Male) |
| 6:37 | Create | Villager (Male) |
| 6:38 | Create | Villager (Male) |
| 6:55 | Create | Villager (Male) |
| 7:02 | Build | Dock |
| 7:19 | Create | Villager (Male) |
| 7:43 | Build | Palisade Wall |
| 7:47 | Create | Fishing Ship |
| 7:47 | Create | Fishing Ship |
| 8:00 | Create | Villager (Male) |
| 8:00 | Create | Villager (Male) |
| 8:12 | Create | Villager (Male) |
| 8:36 | Build | House |
| 8:50 | Create | Fishing Ship |
| 9:08 | Create | Villager (Male) |
| 9:14 | Build | Palisade Gate |
| 9:15 | Build | Palisade Wall |
| 9:44 | Research | Feudal Age |
| 9:59 | Build | Mining Camp |
| 10:39 | Build | Mill |
| 10:46 | Build | Mining Camp |
| 11:44 | Create | Villager (Male) |
| 11:54 | Age | Feudal Age |
| 11:55 | Build | Watch Tower |
| 11:58 | Research | Double-Bit Axe |
| 11:59 | Research | Double-Bit Axe |
| 12:00 | Create | Villager (Male) |
| 12:01 | Build | House |
| 12:22 | Build | Market |
| 12:39 | Create | Villager (Male) |
| 13:02 | Create | Villager (Male) |
| 13:18 | Build | Blacksmith |
| 13:20 | Create | Villager (Male) |
| 13:23 | Create | Villager (Male) |
| 13:23 | Create | Villager (Male) |
| 13:30 | Build | Watch Tower |
| 13:44 | Build | Gate |
| 13:54 | Create | Villager (Male) |
| 14:01 | Research | Fletching |
| 14:02 | Create | Villager (Male) |
| 14:21 | Create | Villager (Male) |
| 14:31 | Build | Lumber Camp |
| 15:18 | Create | Villager (Male) |
| 15:20 | Create | Villager (Male) |
| 15:20 | Create | Villager (Male) |
| 15:21 | Build | House |
| 15:44 | Build | Farm |
| 15:45 | Build | Farm |
| 15:46 | Build | Farm |
| 15:47 | Create | Villager (Male) |
| 15:59 | Build | Farm |
| 16:21 | Create | Villager (Male) |
| 16:22 | Build | House |
| 16:23 | Build | House |
| 17:09 | Research | Castle Age |
| 17:19 | Build | Fish Trap |
| 17:20 | Create | Fishing Ship |
| 17:21 | Create | Fishing Ship |
| 17:34 | Build | Farm |
| 18:17 | Build | Farm |
| 18:18 | Build | Farm |
| 18:20 | Research | Horse Collar |
| 18:37 | Create | Villager (Male) |
| 18:37 | Create | Villager (Male) |
| 19:35 | Create | Villager (Male) |
| 19:49 | Age | Castle Age |
| 20:00 | Build | Castle |
| 20:14 | Research | Bow Saw |
| 20:14 | Research | Bow Saw |
| 20:17 | Create | Villager (Male) |
| 20:28 | Build | Castle |
| 20:37 | Research | Bodkin Arrow |
| 20:39 | Create | Villager (Male) |
| 20:58 | Build | Siege Workshop |
| 21:00 | Create | Villager (Male) |
| 21:01 | Create | Villager (Male) |
| 21:06 | Create | Villager (Male) |
| 21:09 | Build | Farm |
| 21:32 | Create | Battering Ram |
| 21:46 | Create | Villager (Male) |
| 21:46 | Create | Villager (Male) |
| 21:47 | Create | Villager (Male) |
| 21:53 | Build | Stone Wall |
| 21:57 | Create | Villager (Male) |
| 21:57 | Create | Villager (Male) |
| 21:59 | Create | Battering Ram |
| 21:59 | Create | Battering Ram |
| 22:14 | Build | House |
| 22:15 | Build | Palisade Wall |
| 22:19 | Create | Villager (Male) |
| 22:24 | Create | Battering Ram |
| 22:29 | Create | Villager (Male) |
| 22:41 | Build | Farm |
| 22:44 | Build | Farm |
| 22:45 | Build | Farm |
| 22:45 | Build | Farm |
| 22:53 | Build | Fish Trap |
| 22:59 | Create | Villager (Male) |
| 23:01 | Create | Villager (Male) |
| 23:01 | Create | Villager (Male) |
| 23:04 | Build | Stone Wall |
| 23:13 | Create | Villager (Male) |
| 23:18 | Build | Farm |
| 23:25 | Build | Stone Wall |
| 23:35 | Create | Villager (Male) |
| 23:37 | Build | Stone Wall |
| 24:00 | Build | Siege Workshop |
| 24:15 | Build | House |
| 24:17 | Build | House |
| 24:21 | Create | Mangonel |
| 24:31 | Create | Mangonel |
| 24:32 | Create | Villager (Male) |
| 24:36 | Create | Mangonel |
| 24:38 | Create | Villager (Male) |
Build order — No soy 2k porque no quiero
First 150 of 343 actions detected
| 0:00 | Create | Villager (Male) ×4 |
| 0:02 | Build | House |
| 0:02 | Build | House |
| 0:16 | Research | Loom |
| 0:22 | Create | Villager (Male) |
| 0:23 | Research | Loom |
| 0:24 | Create | Villager (Male) |
| 0:25 | Create | Villager (Male) |
| 1:25 | Build | Palisade Wall |
| 1:50 | Create | Villager (Male) |
| 1:58 | Build | Palisade Wall |
| 2:01 | Build | House |
| 2:23 | Create | Villager (Male) |
| 2:23 | Create | Villager (Male) |
| 2:37 | Build | Lumber Camp |
| 2:55 | Create | Villager (Male) |
| 3:28 | Create | Villager (Male) |
| 3:46 | Create | Villager (Male) |
| 4:16 | Create | Villager (Male) |
| 4:32 | Create | Villager (Male) |
| 5:01 | Create | Villager (Male) |
| 5:18 | Create | Villager (Male) |
| 5:44 | Create | Villager (Male) |
| 5:45 | Create | Villager (Male) |
| 5:56 | Create | Villager (Male) |
| 6:38 | Build | House |
| 7:04 | Create | Villager (Male) |
| 7:13 | Build | Mill |
| 7:36 | Create | Villager (Male) |
| 7:50 | Build | House |
| 8:03 | Research | Feudal Age |
| 8:30 | Build | Farm |
| 9:20 | Create | Villager (Male) |
| 9:35 | Create | Villager (Male) |
| 9:42 | Build | House |
| 9:52 | Build | House |
| 10:13 | Age | Feudal Age |
| 10:16 | Create | Villager (Male) |
| 10:19 | Build | Market |
| 10:36 | Build | Blacksmith |
| 10:38 | Build | Mining Camp |
| 11:29 | Create | Villager (Male) |
| 11:51 | Create | Villager (Male) |
| 12:26 | Research | Castle Age |
| 12:26 | Research | Castle Age |
| 12:48 | Research | Double-Bit Axe |
| 12:48 | Research | Double-Bit Axe |
| 14:08 | Create | Villager (Male) |
| 14:24 | Build | House |
| 14:31 | Build | House |
| 14:41 | Create | Villager (Male) |
| 15:01 | Create | Villager (Male) |
| 15:06 | Age | Castle Age |
| 15:09 | Build | Town Center |
| 15:09 | Create | Villager (Male) |
| 15:11 | Build | Town Center |
| 15:16 | Research | Bow Saw |
| 15:24 | Research | Horse Collar |
| 15:43 | Create | Villager (Male) |
| 15:57 | Create | Villager (Male) |
| 16:00 | Build | Farm |
| 16:04 | Build | Farm |
| 16:10 | Create | Villager (Male) |
| 16:21 | Build | Farm |
| 16:23 | Build | Farm |
| 16:27 | Create | Villager (Male) |
| 16:31 | Build | Farm |
| 16:53 | Build | Farm |
| 16:55 | Create | Villager (Male) |
| 16:58 | Build | Farm |
| 17:14 | Create | Villager (Male) |
| 17:16 | Build | Farm |
| 17:20 | Build | Farm |
| 17:23 | Create | Villager (Male) |
| 17:27 | Build | Farm |
| 17:33 | Build | Farm |
| 17:46 | Build | Farm |
| 17:47 | Create | Villager (Male) |
| 17:48 | Create | Villager (Male) |
| 17:58 | Build | Farm |
| 18:01 | Build | House |
| 18:02 | Build | House |
| 18:04 | Build | House |
| 18:16 | Build | Stone Wall |
| 18:26 | Build | Gate |
| 18:33 | Create | Villager (Male) |
| 18:33 | Create | Villager (Male) |
| 18:33 | Create | Villager (Male) |
| 18:38 | Create | Villager (Male) |
| 18:38 | Create | Villager (Male) |
| 18:45 | Build | Monastery |
| 18:51 | Create | Villager (Male) |
| 19:11 | Build | Lumber Camp |
| 19:14 | Build | Farm |
| 19:15 | Build | Farm |
| 19:17 | Create | Monk |
| 19:19 | Create | Monk |
| 19:25 | Build | Outpost |
| 19:29 | Research | Town Watch |
| 19:30 | Create | Villager (Male) |
| 19:30 | Create | Villager (Male) |
| 19:33 | Build | Farm |
| 19:35 | Build | Farm |
| 19:37 | Create | Villager (Male) |
| 19:52 | Build | Farm |
| 19:52 | Create | Villager (Male) |
| 20:05 | Build | House |
| 20:06 | Build | House |
| 20:06 | Build | House |
| 20:13 | Create | Villager (Male) |
| 20:13 | Create | Villager (Male) |
| 20:40 | Create | Villager (Male) |
| 20:40 | Create | Villager (Male) |
| 20:41 | Create | Villager (Male) |
| 20:41 | Create | Villager (Male) |
| 20:51 | Build | Town Center |
| 20:55 | Build | Lumber Camp |
| 21:02 | Create | Villager (Male) |
| 21:02 | Create | Villager (Male) |
| 21:27 | Create | Villager (Male) |
| 21:27 | Create | Villager (Male) |
| 21:28 | Create | Villager (Male) |
| 21:28 | Create | Villager (Male) |
| 21:32 | Build | Farm |
| 21:33 | Build | Farm |
| 21:35 | Research | Heavy Plow |
| 21:41 | Build | Farm |
| 21:44 | Build | Farm |
| 21:47 | Build | Farm |
| 21:49 | Build | Farm |
| 21:52 | Build | Farm |
| 21:53 | Create | Villager (Male) |
| 21:58 | Create | Villager (Male) |
| 21:58 | Create | Villager (Male) |
| 22:03 | Build | Farm |
| 22:03 | Build | Farm |
| 22:04 | Build | Farm |
| 22:06 | Create | Villager (Male) |
| 22:06 | Create | Villager (Male) |
| 22:22 | Create | Villager (Male) |
| 22:27 | Create | Villager (Male) |
| 22:27 | Create | Villager (Male) |
| 22:37 | Create | Villager (Male) |
| 22:39 | Create | Villager (Male) |
| 22:39 | Create | Villager (Male) |
| 22:47 | Build | Farm |
| 22:48 | Build | Farm |
| 22:49 | Build | Farm |
| 22:54 | Build | Farm |
| 22:55 | Create | Villager (Male) |
Build order — [KOF] Raychu
First 150 of 269 actions detected
| 0:01 | Create | Villager (Male) ×4 |
| 0:02 | Build | House |
| 0:04 | Build | House |
| 0:32 | Build | Palisade Wall |
| 1:33 | Create | Villager (Male) |
| 1:33 | Create | Villager (Male) |
| 1:40 | Build | House |
| 1:46 | Research | Loom |
| 2:05 | Create | Villager (Male) |
| 2:20 | Create | Villager (Male) |
| 3:02 | Build | Palisade Wall |
| 3:03 | Build | Palisade Wall |
| 3:17 | Build | Lumber Camp |
| 3:25 | Create | Villager (Male) |
| 4:10 | Create | Villager (Male) |
| 4:46 | Create | Villager (Male) |
| 5:04 | Build | House |
| 5:08 | Create | Villager (Male) |
| 5:08 | Create | Villager (Male) |
| 5:33 | Create | Villager (Male) |
| 5:43 | Build | House |
| 6:00 | Create | Villager (Male) |
| 6:00 | Create | Villager (Male) |
| 6:31 | Create | Villager (Male) |
| 6:53 | Create | Villager (Male) |
| 6:56 | Build | Dock |
| 7:29 | Create | Villager (Male) |
| 7:36 | Create | Fishing Ship |
| 7:43 | Create | Villager (Male) |
| 8:12 | Build | Mill |
| 8:18 | Create | Villager (Male) |
| 8:28 | Create | Fishing Ship |
| 8:38 | Build | House |
| 8:43 | Create | Villager (Male) |
| 9:07 | Create | Villager (Male) |
| 9:10 | Build | House |
| 9:20 | Create | Fishing Ship |
| 9:32 | Create | Villager (Male) |
| 9:47 | Build | Palisade Wall |
| 10:00 | Create | Villager (Male) |
| 10:03 | Build | Mining Camp |
| 10:29 | Build | House |
| 10:31 | Build | House |
| 10:36 | Build | House |
| 10:38 | Create | Villager (Male) |
| 10:39 | Create | Villager (Male) |
| 11:23 | Research | Feudal Age |
| 11:27 | Build | House |
| 11:29 | Build | House |
| 12:08 | Build | House |
| 12:12 | Build | House |
| 12:21 | Build | House |
| 12:23 | Build | House |
| 12:25 | Build | House |
| 12:35 | Create | Villager (Male) |
| 12:36 | Create | Villager (Male) |
| 12:59 | Build | Mining Camp |
| 13:06 | Build | Palisade Wall |
| 13:07 | Build | Palisade Wall |
| 13:38 | Age | Feudal Age |
| 13:41 | Build | Watch Tower |
| 13:47 | Create | Villager (Male) |
| 13:48 | Create | Villager (Male) |
| 14:25 | Create | Villager (Male) |
| 14:50 | Build | Blacksmith |
| 14:52 | Create | Villager (Male) |
| 15:03 | Create | Villager (Male) |
| 15:03 | Create | Villager (Male) |
| 15:26 | Research | Fletching |
| 15:26 | Research | Fletching |
| 15:27 | Create | Villager (Male) |
| 16:03 | Create | Villager (Male) |
| 16:18 | Build | Market |
| 16:22 | Create | Villager (Male) |
| 16:30 | Build | House |
| 16:55 | Research | Castle Age |
| 17:10 | Build | Watch Tower |
| 17:14 | Create | Villager (Male) |
| 17:29 | Build | Lumber Camp |
| 17:33 | Create | Villager (Male) |
| 18:47 | Build | Fish Trap |
| 18:50 | Create | Villager (Male) |
| 18:50 | Create | Villager (Male) |
| 19:27 | Build | Fish Trap |
| 19:31 | Build | Fish Trap |
| 19:35 | Age | Castle Age |
| 19:47 | Create | Villager (Male) |
| 20:44 | Build | Castle |
| 20:51 | Create | Villager (Male) |
| 20:54 | Create | Fishing Ship |
| 20:54 | Create | Fishing Ship |
| 20:57 | Build | Farm |
| 21:14 | Build | Siege Workshop |
| 21:21 | Create | Villager (Male) |
| 21:37 | Create | Arambai |
| 21:42 | Build | Fish Trap |
| 21:45 | Create | Villager (Male) |
| 21:51 | Build | Farm |
| 22:12 | Create | Battering Ram |
| 22:14 | Create | Villager (Male) |
| 22:28 | Create | Villager (Male) |
| 22:41 | Create | Battering Ram |
| 22:46 | Build | Fish Trap |
| 22:47 | Create | Villager (Male) |
| 22:55 | Build | Farm |
| 23:10 | Create | Villager (Male) |
| 23:21 | Create | Battering Ram |
| 23:24 | Create | Villager (Male) |
| 23:33 | Create | Arambai |
| 23:54 | Create | Arambai |
| 23:55 | Create | Villager (Male) |
| 23:57 | Create | Villager (Male) |
| 24:05 | Create | Arambai |
| 24:28 | Create | Mangonel |
| 24:29 | Create | Villager (Male) |
| 24:29 | Create | Villager (Male) |
| 24:48 | Create | Villager (Male) |
| 24:48 | Create | Villager (Male) |
| 24:52 | Build | Farm |
| 24:54 | Build | Farm |
| 24:55 | Build | Farm |
| 25:04 | Create | Battering Ram |
| 25:12 | Create | Petard |
| 25:12 | Create | Petard |
| 25:25 | Create | Villager (Male) |
| 25:25 | Create | Villager (Male) |
| 25:31 | Create | Villager (Male) |
| 25:36 | Build | Town Center |
| 25:47 | Create | Petard |
| 25:47 | Create | Petard |
| 25:47 | Create | Petard |
| 25:55 | Create | Petard |
| 25:55 | Create | Petard |
| 26:02 | Build | Farm |
| 26:04 | Build | Farm |
| 26:23 | Create | Villager (Male) |
| 26:26 | Create | Fishing Ship |
| 26:29 | Create | Villager (Male) |
| 26:29 | Create | Villager (Male) |
| 26:33 | Build | Farm |
| 26:37 | Build | Farm |
| 26:39 | Create | Villager (Male) |
| 26:47 | Build | House |
| 26:54 | Create | Battering Ram |
| 26:58 | Create | Petard |
| 26:58 | Create | Petard |
| 27:00 | Create | Villager (Male) |
| 27:01 | Create | Villager (Male) |
| 27:03 | Build | Farm |
| 27:06 | Build | Farm |
Build order — STORM | Noszombie
First 150 of 528 actions detected
| 0:01 | Create | Villager (Male) |
| 0:02 | Create | Villager (Male) |
| 0:03 | Build | House |
| 0:04 | Build | House |
| 0:05 | Create | Villager (Male) |
| 0:13 | Create | Villager (Male) |
| 0:54 | Research | Loom |
| 1:07 | Build | House |
| 1:15 | Create | Villager (Male) |
| 1:16 | Create | Villager (Male) |
| 1:16 | Create | Villager (Male) |
| 1:55 | Create | Villager (Male) |
| 2:02 | Build | Palisade Wall |
| 2:07 | Build | Palisade Wall |
| 2:20 | Create | Villager (Male) |
| 2:20 | Create | Villager (Male) |
| 2:21 | Create | Villager (Male) |
| 2:47 | Create | Villager (Male) |
| 2:47 | Create | Villager (Male) |
| 2:47 | Create | Villager (Male) |
| 3:12 | Create | Villager (Male) |
| 3:13 | Create | Villager (Male) |
| 3:13 | Create | Villager (Male) |
| 3:33 | Create | Villager (Male) |
| 4:01 | Create | Villager (Male) |
| 4:02 | Create | Villager (Male) |
| 4:02 | Create | Villager (Male) |
| 4:12 | Build | Palisade Wall |
| 4:15 | Build | Palisade Wall |
| 4:19 | Build | Palisade Wall |
| 4:25 | Create | Villager (Male) |
| 4:34 | Build | Lumber Camp |
| 4:46 | Create | Villager (Male) |
| 4:46 | Create | Villager (Male) |
| 4:46 | Create | Villager (Male) |
| 5:17 | Build | Lumber Camp |
| 5:20 | Create | Villager (Male) |
| 5:41 | Create | Villager (Male) |
| 5:41 | Create | Villager (Male) |
| 6:05 | Create | Villager (Male) |
| 6:05 | Create | Villager (Male) |
| 6:22 | Build | House |
| 6:28 | Create | Villager (Male) |
| 6:29 | Create | Villager (Male) |
| 7:03 | Create | Villager (Male) |
| 7:15 | Build | Dock |
| 7:27 | Build | House |
| 7:32 | Create | Villager (Male) |
| 7:45 | Create | Villager (Male) |
| 8:05 | Create | Fishing Ship |
| 8:10 | Create | Fishing Ship |
| 8:20 | Create | Villager (Male) |
| 8:31 | Create | Villager (Male) |
| 8:32 | Build | Mill |
| 8:39 | Create | Fishing Ship |
| 8:47 | Create | Villager (Male) |
| 9:25 | Create | Villager (Male) |
| 9:26 | Create | Fishing Ship |
| 9:38 | Build | House |
| 9:50 | Create | Villager (Male) |
| 9:54 | Build | Mining Camp |
| 10:25 | Build | Palisade Wall |
| 10:26 | Build | Palisade Wall |
| 10:30 | Build | Palisade Wall |
| 10:31 | Build | Palisade Wall |
| 10:39 | Research | Feudal Age |
| 10:39 | Research | Feudal Age |
| 11:05 | Build | House |
| 11:07 | Create | Fishing Ship |
| 11:17 | Build | Outpost |
| 11:44 | Create | Villager (Male) |
| 12:18 | Create | Villager (Male) |
| 12:49 | Age | Feudal Age |
| 12:51 | Build | Market |
| 12:54 | Build | Blacksmith |
| 13:06 | Build | Stone Wall |
| 13:09 | Build | Stone Wall |
| 13:14 | Build | Stone Wall |
| 13:38 | Build | Fish Trap |
| 13:46 | Research | Castle Age |
| 13:46 | Research | Castle Age |
| 13:46 | Research | Castle Age |
| 14:09 | Research | Double-Bit Axe |
| 14:09 | Research | Double-Bit Axe |
| 14:13 | Create | Fishing Ship |
| 14:19 | Build | Fish Trap |
| 14:30 | Build | House |
| 14:44 | Create | Fishing Ship |
| 15:00 | Create | Villager (Male) |
| 15:06 | Build | Fish Trap |
| 15:07 | Create | Fishing Ship |
| 15:15 | Create | Villager (Male) |
| 15:40 | Create | Fishing Ship |
| 15:46 | Build | Fish Trap |
| 16:04 | Build | Fish Trap |
| 16:24 | Create | Villager (Male) |
| 16:26 | Age | Castle Age |
| 16:30 | Build | Town Center |
| 16:33 | Build | Town Center |
| 16:38 | Build | Fish Trap |
| 16:41 | Research | Bow Saw |
| 16:41 | Research | Bow Saw |
| 16:52 | Create | Fishing Ship |
| 16:56 | Build | Fish Trap |
| 16:58 | Create | Villager (Male) |
| 17:05 | Create | Villager (Male) |
| 17:08 | Build | House |
| 17:22 | Create | Villager (Male) |
| 17:24 | Create | Fishing Ship |
| 17:29 | Build | Fish Trap |
| 17:36 | Create | Villager (Male) |
| 17:54 | Build | Dock |
| 17:55 | Create | Villager (Male) |
| 17:56 | Create | Villager (Male) |
| 18:05 | Create | Villager (Male) |
| 18:08 | Create | Fishing Ship |
| 18:15 | Create | Villager (Male) |
| 18:18 | Create | Villager (Male) |
| 18:21 | Create | Villager (Male) |
| 18:29 | Build | House |
| 18:31 | Create | Villager (Male) |
| 18:37 | Create | Villager (Male) |
| 18:38 | Create | Fishing Ship |
| 18:44 | Build | Fish Trap |
| 18:50 | Build | Fish Trap |
| 18:57 | Create | Fishing Ship |
| 19:04 | Build | Fish Trap |
| 19:05 | Create | Villager (Male) |
| 19:08 | Create | Villager (Male) |
| 19:21 | Create | Villager (Male) |
| 19:24 | Create | Fishing Ship |
| 19:24 | Create | Fishing Ship |
| 19:27 | Build | Fish Trap |
| 19:29 | Create | Villager (Male) |
| 19:29 | Create | Villager (Male) |
| 19:32 | Create | Villager (Male) |
| 19:33 | Create | Villager (Male) |
| 19:34 | Build | House |
| 19:36 | Create | Villager (Male) |
| 19:38 | Build | House |
| 19:39 | Build | House |
| 19:39 | Build | House |
| 19:40 | Build | House |
| 19:44 | Research | Tech 906 |
| 19:45 | Research | Tech 906 |
| 19:46 | Create | Villager (Male) |
| 19:46 | Create | Villager (Male) |
| 19:50 | Build | Fish Trap |
| 19:52 | Create | Villager (Male) |
| 20:01 | Create | Villager (Male) |
Match timeline
| 0:32 | [KOF] Raychu · wall_segment Palisade Wall x6 |
| 1:25 | No soy 2k porque no quiero · wall_segment Palisade Wall x4 |
| 1:58 | No soy 2k porque no quiero · wall_segment Palisade Wall x1 |
| 2:02 | STORM | Noszombie · wall_segment Palisade Wall x1 |
| 2:06 | jcdanzig · wall_segment Palisade Wall x1 |
| 2:07 | STORM | Noszombie · wall_segment Palisade Wall x1 |
| 2:07 | jcdanzig · wall_segment Palisade Wall x1 |
| 2:10 | jcdanzig · wall_segment Palisade Wall x1 |
| 2:12 | jcdanzig · wall_segment Palisade Wall x1 |
| 2:14 | jcdanzig · wall_segment Palisade Wall x1 |
| 2:35 | jcdanzig · wall_segment Palisade Wall x1 |
| 2:36 | jcdanzig · wall_segment Palisade Wall x1 |
| 2:36 | jcdanzig · wall_segment Palisade Wall x1 |
| 2:37 | jcdanzig · wall_segment Palisade Wall x1 |
| 2:38 | jcdanzig · wall_segment Palisade Wall x1 |
| 2:39 | jcdanzig · wall_segment Palisade Wall x1 |
| 2:40 | jcdanzig · wall_segment Palisade Wall x1 |
| 3:02 | [KOF] Raychu · wall_segment Palisade Wall x1 |
| 3:03 | [KOF] Raychu · wall_segment Palisade Wall x1 |
| 3:10 | jcdanzig · wall_segment Palisade Wall x8 |
| 4:12 | STORM | Noszombie · wall_segment Palisade Wall x1 |
| 4:15 | STORM | Noszombie · wall_segment Palisade Wall x3 |
| 4:19 | STORM | Noszombie · wall_segment Palisade Wall x1 |
| 6:56 | [KOF] Raychu · first_building Dock |
| 7:02 | jcdanzig · first_building Dock |
| 7:15 | STORM | Noszombie · first_building Dock |
| 7:43 | jcdanzig · wall_segment Palisade Wall x8 |
| 9:15 | jcdanzig · wall_segment Palisade Wall x1 |
| 9:47 | [KOF] Raychu · wall_segment Palisade Wall x9 |
| 10:13 | No soy 2k porque no quiero · age_up feudal |
| 10:25 | STORM | Noszombie · wall_segment Palisade Wall x2 |
| 10:26 | STORM | Noszombie · wall_segment Palisade Wall x2 |
| 10:30 | STORM | Noszombie · wall_segment Palisade Wall x2 |
| 10:31 | STORM | Noszombie · wall_segment Palisade Wall x3 |
| 11:54 | jcdanzig · age_up feudal |
| 12:25 | No soy 2k porque no quiero · first_market_sell 100 wood |
| 12:49 | STORM | Noszombie · age_up feudal |
| 13:06 | [KOF] Raychu · wall_segment Palisade Wall x1 |
| 13:06 | STORM | Noszombie · wall_segment Stone Wall x1 |
| 13:07 | [KOF] Raychu · wall_segment Palisade Wall x1 |
| 13:09 | STORM | Noszombie · wall_segment Stone Wall x5 |
| 13:14 | STORM | Noszombie · wall_segment Stone Wall x3 |
| 13:38 | [KOF] Raychu · age_up feudal |
| 15:06 | No soy 2k porque no quiero · age_up castle |
| 16:20 | STORM | Noszombie · first_market_buy 100 wood |
| 16:26 | STORM | Noszombie · age_up castle |
| 16:55 | [KOF] Raychu · first_market_buy 100 food |
| 18:16 | No soy 2k porque no quiero · wall_segment Stone Wall x4 |
| 18:45 | No soy 2k porque no quiero · first_building Monastery |
| 19:35 | [KOF] Raychu · age_up castle |
| 19:44 | [KOF] Raychu · first_market_sell 100 food |
| 19:49 | jcdanzig · age_up castle |
| 19:53 | jcdanzig · first_market_buy 100 stone |
| 20:00 | jcdanzig · first_building Castle |
| 20:44 | [KOF] Raychu · first_building Castle |
| 20:58 | jcdanzig · first_building Siege Workshop |
| 21:14 | [KOF] Raychu · first_building Siege Workshop |
| 21:31 | jcdanzig · first_market_sell 100 stone |
| 21:43 | STORM | Noszombie · first_building Monastery |
| 21:53 | jcdanzig · wall_segment Stone Wall x6 |
| 22:15 | jcdanzig · wall_segment Palisade Wall x1 |
| 22:16 | STORM | Noszombie · first_building Siege Workshop |
| 23:04 | jcdanzig · wall_segment Stone Wall x5 |
| 23:25 | jcdanzig · wall_segment Stone Wall x3 |
| 23:37 | jcdanzig · wall_segment Stone Wall x1 |
| 24:01 | No soy 2k porque no quiero · first_building Siege Workshop |
| 24:12 | STORM | Noszombie · wall_segment Palisade Wall x1 |
| 24:13 | STORM | Noszombie · wall_segment Palisade Wall x1 |
| 24:36 | STORM | Noszombie · first_building Castle |
| 25:27 | No soy 2k porque no quiero · first_market_buy 100 stone |
| 25:33 | No soy 2k porque no quiero · first_building Castle |
| 25:36 | STORM | Noszombie · first_market_sell 100 wood |
| 26:00 | STORM | Noszombie · first_building Barracks |
| 26:38 | No soy 2k porque no quiero · first_building Barracks |
| 27:18 | jcdanzig · first_building Monastery |
| 28:50 | STORM | Noszombie · age_up imperial |
| 29:34 | No soy 2k porque no quiero · age_up imperial |
| 30:13 | jcdanzig · age_up imperial |
| 31:47 | No soy 2k porque no quiero · first_building Stable |
| 33:10 | No soy 2k porque no quiero · first_building Archery Range |
| 34:32 | [KOF] Raychu · first_building Barracks |
| 37:00 | No soy 2k porque no quiero · resign |
[ AI ANALYSIS · 1 CREDIT ]
What really happened in this match?
Wolo.gg analyzes every decision: build order, eco, micro, common mistakes by bracket. Personalized analysis on WhatsApp or Discord in 30 seconds.
Civ guide
Spanish
Map guide
Black Forest
Perfil
jcdanzig